 Dungeon Crawl Stone Soup version 0.24-a0-291-g79c1ce7 (webtiles) character file.

Game seed: 13356659108132133195

5 MatthieuS the Sneak (level 1, -1/15 HPs)
             Began as a Naga Ice Elementalist on May 11, 2019.
             Slain by a jackal (3 damage)
             ... on level 1 of the Dungeon.
             The game lasted 00:00:34 (136 turns).

MatthieuS the Sneak (Naga Ice Elementalist)          Turns: 136, Time: 00:00:35

Health: -1/15      AC:  1    Str: 10    XL:     1   Next: 80%
Magic:  1/3        EV: 10    Int: 15    God:
Gold:   9          SH:  0    Dex: 11    Spells: 3/4 levels left

rFire    . . .     SeeInvis +   a - +0 dagger
rCold    . . .     Gourm    .   (no shield)
rNeg     . . .     Faith    .   b - +0 robe
rPois    +         Spirit   .   (no helmet)
rElec    .         Reflect  .   (no cloak)
rCorr    .         Harm     .   (no gloves)
MR       .....                  (no barding)
Stlth    ++........             (no amulet)
HPRegen  0.05/turn              (no ring)
MPRegen  0.08/turn              (no ring)

@: short of breath, very slow
A: large, see invisible, deformed body, poison resistance, slowness 2, slow
metabolism 1, spit poison 1, AC +0
a: Spit Poison


You were on level 1 of the Dungeon.
You were not hungry.

You visited 1 branch of the dungeon, and saw 1 of its levels.

You collected 9 gold pieces.

Inventory:

Hand Weapons
 a - a +0 dagger (weapon)
   (You found it on level 1 of the Dungeon)
Armour
 b - a +0 robe (worn)
Potions
 c - a potion of degeneration {unknown}
Comestibles
 e - a ration


   Skills:
 - Level 1.5 Dodging
 + Level 3.3 Stealth
 + Level 2.1 Spellcasting
   Level 1.0 Conjurations
 + Level 3.1 Ice Magic


You had 3 spell levels left.
You knew the following spells:

 Your Spells              Type           Power        Failure   Level  Hunger
a - Freeze                Ice            ##..         6%          1    #......

Your spell library contained the following spells:

 Spells                   Type           Power        Failure   Level  Hunger
 Throw Frost              Conj/Ice       #.....       14%         2    ###....
 Ozocubu's Armour         Chrm/Ice       #.......     34%         3    ###....
 Throw Icicle             Conj/Ice       #.......     67%         4    #####..
 Summon Ice Beast         Ice/Summ       #.......     75%         4    #####..


Dungeon Overview and Level Annotations

Branches:
Dungeon (1/15)

Altars:


Innate Abilities, Weirdness & Mutations

You cannot wear boots.
Your serpentine skin is tough. (AC +0)
You have supernaturally acute eyesight. (SInv)
Armour fits poorly on your strangely shaped body.
Your system is resistant to poisons. (rPois)
You cover ground very slowly.
You have a slow metabolism.
You can spit poison.


Message History

Found a whip.
c - a ruby potion A frilled lizard comes into view.
The frilled lizard hisses angrily.
You hit the frilled lizard. The frilled lizard closely misses you.
Aim: a frilled lizard (heavily wounded)
You freeze the frilled lizard.
You kill the frilled lizard!
A bat and a jackal come into view.
There are monsters nearby!
You start resting.
The jackal barks!
You hear a bark!
A jackal comes into view.
A frilled lizard and a jackal come into view.
The bat hits you but does no damage.
A kobold comes into view. It is wielding a +0 short sword.
The frilled lizard moves out of view.
The bat hits you but does no damage. The bat barely misses you.
You hit the bat.
You kill the bat!
The jackal stops to sniff the ground.
The jackal bites you but does no damage.
You barely miss the jackal. The jackal closely misses you.
You closely miss the jackal. The jackal bites you.
You barely miss the jackal. The jackal bites you. The jackal misses you.
You closely miss the jackal. The jackal bites you.
You hit the jackal. The jackal bites you. The jackal barely misses you.
You closely miss the jackal. The jackal barely misses you.
You hit the jackal. The jackal barely misses you.
You hit the jackal.
You kill the jackal!
The jackal bites you.
You hit the jackal but do no damage. The jackal bites you.
* * * LOW HITPOINT WARNING * * *
You completely miss the jackal. The jackal barely misses you. x2
You hit the jackal but do no damage. The jackal barely misses you.
Aim: a jackal You freeze the jackal.
The jackal bites you.
* * * LOW HITPOINT WARNING * * *
Aim: a jackal (moderately wounded)
You freeze the jackal.
You kill the jackal!
The jackal bites you.
* * * LOW HITPOINT WARNING * * *
Aim: a kobold, wielding a +0 short sword The splash of poison hits the jackal.
The jackal is poisoned.
You feel slightly more hungry. The jackal bites you.
* * * LOW HITPOINT WARNING * * *
You barely miss the jackal. The jackal bites you.
You die...

#...##...#
#.#...#
########.#
#.##..#
#........#
####.....#
####..####
.........#
#..#..#
...#####.#
#..#..## ..
#.#
#......#
######.###
#......#
#..........
######@#
.#.........
#h#
..#......#.
#K#
..#....#..
#.#
....#..#...
#.#
.....##.#.#
...
..#.#...#)
...
.#...(.#
... #.....
.h...
...#.<.#


You could see a jackal and a kobold.

Vanquished Creatures
  2 bats (D:1)
  2 jackals (D:1)
  A frilled lizard (D:1)
5 creatures vanquished.

Notes
Turn   | Place    | Note
-------+----------+-------------------------------------------
     0 | D:1      | MatthieuS the Naga Ice Elementalist began the quest for the
                  | Orb.
     0 | D:1      | Reached XP level 1. HP: 15/15 MP: 3/3
   136 | D:1      | Slain by a jackal

Levels and vault maps discovered:
D:1:      matt_arrival_diagonals, layout_basic, bh_walls_and_bars

Action                   || total
-------------------------++-------
Melee: Dagger            ||    14
 Cast: Freeze            ||     5
 Abil: Spit Poison       ||     1
Armor: Robe              ||     3
Dodge: Dodged            ||    10

Table legend:
 A = Non-vault XP
 B = Vault XP
 C = Vault XP percentage of total XP
 D = Non-vault monster count
 E = Vault monster count
 F = Vault count percentage of total count
                 A         B        C        D         E       F
            +---------+---------+-------+---------+---------+-------
      Total |       8 |       0 |   0.0 |       5 |       0 |   0.0
            +---------+---------+-------+---------+---------+-------
        D:1 |       8 |       0 |   0.0 |       5 |       0 |   0.0
            +---------+---------+-------+---------+---------+-------
